MID
PEORIA CHIEFS @ GREENSBORO GRASSHOPPERS
08/26/2048
 
TOP OF THE 1ST
Peoria Chiefs batting - Pitching for Greensboro Grasshoppers : RHP Adam Brown
Pitching: RHP Adam Brown
Batting: LHB Tsutomu Miyahara 0-0: Ground out U3 (Groundball, 3, EV 78.1 MPH)
Batting: RHB Tommy Tracy 0-0: Called Strike
0-1: Ball
1-1: Foul Ball, location: 2F
1-2: Ball
2-2: Ball
3-2: Base on Balls
Batting: RHB Robby Hickman 0-0: Ball
1-0: Called Strike
1-1: Fielders Choice at 2nd, 6-4 (Groundball, 6, EV 102.5 MPH)
Batting: SHB Jorge Brito 0-0: Foul Ball, location: 2F
0-1: Ground out 1-3 (Groundball, P, EV 68.8 MPH)
Top of the 1st over - 0 runs, 0 hits, 0 errors, 1 left on base; Peoria 0 - Greensboro 0
BOTTOM OF THE 1ST
Greensboro Grasshoppers batting - Pitching for Peoria Chiefs : RHP Jose Rico
Pitching: RHP Jose Rico
Batting: RHB Harrie de Kam 0-0: Foul Ball, location: 2F
0-1: Hit by Pitch
Batting: RHB Rafael Irizarry 0-0: Ball
1-0: Foul Ball, location: 2F
1-1: Foul Ball, location: 2F
1-2: Ball
2-2: Ball
3-2: Foul Ball, location: 2F
3-2: Strikes out looking
Harrie de Kam steals 2nd base
Batter strikes out.
Batting: RHB Nate Crofts 0-0: Called Strike
0-1: Ball
1-1: Ground out 1-3 (Groundball, P, EV 62.5 MPH)
Harrie de Kam to third
Batting: LHB Ryan Karg 0-0: Ball
1-0: Foul Ball, location: 2F
1-1: DOUBLE (Groundball, 3L, EV 111.2 MPH)
Harrie de Kam scores
Batting: RHB Chris Alft 0-0: Ball
1-0: SINGLE (Groundball, 6MD, EV 104.4 MPH)
Ryan Karg to third
Runner from 3rd tries for Home, SAFE, throw by CF to home
Batting: LHB Ryan Thompson 0-0: Called Strike
0-1: Ball
1-1: SINGLE (Groundball, 34D, EV 96.9 MPH)
Chris Alft to second
Runner from 2nd tries for 3rd, SAFE, no throw by RF
Batting: LHB Jose Cabello 0-0: Ball
1-0: Ground out 5-3 (Groundball, 56S, EV 69.4 MPH)
Bottom of the 1st over - 2 runs, 3 hits, 0 errors, 2 left on base; Peoria 0 - Greensboro 2
TOP OF THE 2ND
Peoria Chiefs batting - Pitching for Greensboro Grasshoppers : RHP Adam Brown
Batting: RHB Josh Broome 0-0: DOUBLE (Line Drive, 7LS, EV 111.2 MPH)
Batting: RHB Edgar Landim 0-0: SINGLE (Groundball, 4MD, EV 101.9 MPH)
Josh Broome to third
Runner from 3rd tries for Home, SAFE, throw by CF to home
Edgar Landim to second
Batting: RHB Alex Melgoza 0-0: Ball
1-0: Swinging Strike
1-1: Called Strike
1-2: Foul Ball, location: 2F
1-2: Foul Ball, location: 2F
1-2: Foul Ball, location: 2F
1-2: Foul Ball, location: 2F
1-2: Ball
2-2: Ball
3-2: Base on Balls
Batting: RHB Herbert Loveless 0-0: Swinging Strike
0-1: Foul Ball, location: 2F
0-2: Ball
1-2: SINGLE (Line Drive, 6MD, EV 98.8 MPH)
Edgar Landim to third
Alex Melgoza to second
Batting: RHB Richard Riggs 0-0: Foul Ball, location: 2F
0-1: Ball
1-1: Foul Ball, location: 2F
1-2: SINGLE (Groundball, 6S, EV 69.4 MPH) (infield hit)
Edgar Landim scores
Alex Melgoza to third
Herbert Loveless to second
Pitching: RHP Mike Yorke
Batting: LHB Tsutomu Miyahara 0-0: Called Strike
0-1: Ball
1-1: Fielders Choice at 2nd, 4-6 (Groundball, 4, EV 85.0 MPH)
Alex Melgoza scores
Herbert Loveless to third
Batting: RHB Tommy Tracy 0-0: Called Strike
0-1: Ball
1-1: Ball
2-1: Foul Ball, location: 2F
2-2: Ball
Tsutomu Miyahara is caught stealing 2nd base 2-4
3-2: Base on Balls
Batting: RHB Robby Hickman 0-0: Ball
1-0: Ground out 6-3 (Groundball, 6S, EV 71.2 MPH)
Top of the 2nd over - 3 runs, 4 hits, 0 errors, 2 left on base; Peoria 3 - Greensboro 2
BOTTOM OF THE 2ND
Greensboro Grasshoppers batting - Pitching for Peoria Chiefs : RHP Jose Rico
Batting: RHB Dennis Coppolino 0-0: Called Strike
0-1: Ball
1-1: Foul Ball, location: 2F
1-2: Ball
2-2: Foul Ball, location: 2F
2-2: Strikes out swinging
Batting: RHB Nick Dunton 0-0: Called Strike
0-1: Ball
1-1: Ball
2-1: Fly out, F7 (Flyball, 78S, EV 90.0 MPH)
Batting: RHB Harrie de Kam 0-0: Called Strike
0-1: Ground out 4-3 (Groundball, 4S, EV 86.2 MPH)
Bottom of the 2nd over - 0 runs, 0 hits, 0 errors, 0 left on base; Peoria 3 - Greensboro 2
TOP OF THE 3RD
Peoria Chiefs batting - Pitching for Greensboro Grasshoppers : RHP Mike Yorke
Batting: SHB Jorge Brito 0-0: Called Strike
0-1: Ball
1-1: Foul Ball, location: 2F
1-2: Foul Ball, location: 2F
1-2: Ground out 6-3 (Groundball, 6, EV 102.5 MPH)
Batting: RHB Josh Broome 0-0: Ball
1-0: Called Strike
1-1: Foul Ball, location: 2F
1-2: Fly out, F8 (Line Drive, 8RD, EV 88.1 MPH)
Pitching: RHP Dan Durand
Batting: RHB Edgar Landim 0-0: Called Strike
0-1: Ball
1-1: Reached on error, E5 (Groundball, 56, EV 91.2 MPH)
Batting: RHB Alex Melgoza 0-0: Called Strike
0-1: Ball
1-1: Ball
2-1: Ball
3-1: Fly out, F8 (Flyball, 78M, EV 82.5 MPH)
Top of the 3rd over - 0 runs, 0 hits, 1 error, 1 left on base; Peoria 3 - Greensboro 2
BOTTOM OF THE 3RD
Greensboro Grasshoppers batting - Pitching for Peoria Chiefs : RHP Jose Rico
Batting: RHB Rafael Irizarry 0-0: Ball
1-0: Fly out, F9 (Flyball, 9D, EV 101.2 MPH)
Batting: RHB Nate Crofts 0-0: Foul Ball, location: 2F
0-1: Called Strike
0-2: Strikes out swinging
Batting: LHB Ryan Karg 0-0: Foul Ball, location: 2F
0-1: Ball
1-1: Ball
2-1: Ball
3-1: Ground out U3 (Groundball, 3, EV 106.9 MPH)
Bottom of the 3rd over - 0 runs, 0 hits, 0 errors, 0 left on base; Peoria 3 - Greensboro 2
TOP OF THE 4TH
Peoria Chiefs batting - Pitching for Greensboro Grasshoppers : RHP Dan Durand
Batting: RHB Herbert Loveless 0-0: Foul Ball, location: 2F
0-1: Ball
1-1: Ball
2-1: Ball
3-1: Called Strike
3-2: SINGLE (Line Drive, 4MD, EV 104.4 MPH)
Batting: RHB Richard Riggs 0-0: Grounds into double play, 5-4-3 (Groundball, 56S, EV 81.2 MPH)
Batting: LHB Tsutomu Miyahara 0-0: Called Strike
0-1: Ball
1-1: Foul Ball, location: 2F
1-2: Ball
2-2: Foul Ball, location: 2F
2-2: Foul Ball, location: 2F
2-2: Fly out, F4 (Flyball, 34D, EV 88.8 MPH)
Top of the 4th over - 0 runs, 1 hit, 0 errors, 0 left on base; Peoria 3 - Greensboro 2
BOTTOM OF THE 4TH
Greensboro Grasshoppers batting - Pitching for Peoria Chiefs : RHP Jose Rico
Batting: RHB Chris Alft 0-0: Ball
1-0: Swinging Strike
1-1: Swinging Strike
1-2: Foul Ball, location: 2F
1-2: DOUBLE (Flyball, 8LXD, EV 90.0 MPH)
Batting: LHB Ryan Thompson 0-0: Ball
1-0: Swinging Strike
1-1: Swinging Strike
1-2: Strikes out looking
Batting: LHB Jose Cabello 0-0: Foul Ball, location: 2F
0-1: Called Strike
0-2: Ball
1-2: Hit by Pitch
Batting: RHB Dennis Coppolino 0-0: Ball
1-0: Foul Ball, location: 2F
1-1: Foul Ball, location: 2F
1-2: Ball
2-2: Ball
3-2: Grounds into double play, 4-6-3 (Groundball, 4, EV 105.0 MPH)
Bottom of the 4th over - 0 runs, 1 hit, 0 errors, 1 left on base; Peoria 3 - Greensboro 2
TOP OF THE 5TH
Peoria Chiefs batting - Pitching for Greensboro Grasshoppers : RHP Dan Durand
Pitching: RHP Bill Padgett
Batting: RHB Tommy Tracy 0-0: Ball
1-0: Ball
2-0: Swinging Strike
2-1: Ball
3-1: Base on Balls
Batting: RHB Robby Hickman 0-0: Swinging Strike
0-1: Called Strike
0-2: Strikes out swinging
Batting: SHB Jorge Brito 0-0: Ball
1-0: Foul Ball, location: 2F
1-1: Ball
2-1: 2-RUN HOME RUN (Flyball, 7D, EV 98.8 MPH), Distance : 376 ft
Batting: RHB Josh Broome 0-0: Ball
1-0: Ball
2-0: Called Strike
2-1: Ball
3-1: Swinging Strike
3-2: Base on Balls
Pitching: RHP Felix Moreno
Batting: RHB Edgar Landim 0-0: Ball
1-0: Called Strike
1-1: Swinging Strike
1-2: Strikes out looking
Batting: RHB Alex Melgoza 0-0: Called Strike
Josh Broome steals 2nd base (no throw)
0-1: Ball
1-1: Swinging Strike
1-2: Ball
2-2: SINGLE (Groundball, 56D, EV 107.5 MPH)
Josh Broome to third
Runner from 3rd tries for Home, SAFE, throw by LF to home
Batting: RHB Herbert Loveless 0-0: Called Strike
0-1: Swinging Strike
0-2: Hit by Pitch
Alex Melgoza to second
Batting: RHB Richard Riggs 0-0: Ball
1-0: Ground out 5-3 (Groundball, 56S, EV 84.4 MPH)
Top of the 5th over - 3 runs, 2 hits, 0 errors, 2 left on base; Peoria 6 - Greensboro 2
BOTTOM OF THE 5TH
Greensboro Grasshoppers batting - Pitching for Peoria Chiefs : RHP Jose Rico
Batting: RHB Nick Dunton 0-0: Foul Ball, location: 2F
0-1: Ball
1-1: Ball
2-1: Ground out 6-3 (Groundball, 6M, EV 85.0 MPH)
Batting: RHB Harrie de Kam 0-0: SOLO HOME RUN (Flyball, 9LD, EV 91.9 MPH), Distance : 355 ft
Batting: RHB Rafael Irizarry 0-0: Ground out 2-3 (Groundball, 15S, EV 67.5 MPH)
Batting: RHB Nate Crofts 0-0: Fly out, F8 (Flyball, 89M, EV 77.5 MPH)
Bottom of the 5th over - 1 run, 1 hit, 0 errors, 0 left on base; Peoria 6 - Greensboro 3
TOP OF THE 6TH
Peoria Chiefs batting - Pitching for Greensboro Grasshoppers : RHP Felix Moreno
Batting: LHB Tsutomu Miyahara 0-0: Fly out, F9 (Flyball, 89M, EV 77.5 MPH)
Batting: RHB Tommy Tracy 0-0: Ball
1-0: Ball
2-0: Ball
3-0: Base on Balls
Batting: RHB Robby Hickman 0-0: Ball
Tommy Tracy is caught stealing 2nd base 2-4
1-0: Called Strike
1-1: Reaches on Catchers interference
Batting: SHB Jorge Brito 0-0: Ball
Robby Hickman steals 2nd base
1-0: Swinging Strike
1-1: Called Strike
1-2: Ball
2-2: Strikes out swinging
Top of the 6th over - 0 runs, 0 hits, 1 error, 1 left on base; Peoria 6 - Greensboro 3
BOTTOM OF THE 6TH
Greensboro Grasshoppers batting - Pitching for Peoria Chiefs : RHP Jose Rico
Batting: LHB Ryan Karg 0-0: Called Strike
0-1: Called Strike
0-2: Ball
1-2: Ball
2-2: Foul Ball, location: 2F
2-2: SOLO HOME RUN (Flyball, 9D, EV 105.0 MPH), Distance : 404 ft
Batting: RHB Chris Alft 0-0: Swinging Strike
0-1: Called Strike
0-2: Strikes out looking
Batting: LHB Ryan Thompson 0-0: Ball
1-0: DOUBLE (Line Drive, 3D, EV 98.8 MPH)
Batting: LHB Jose Cabello 0-0: Called Strike
0-1: Foul Ball, location: 2F
0-2: Foul Ball, location: 2F
0-2: Ball
1-2: Ball
2-2: Ground out 4-3 (Groundball, 4MS, EV 67.5 MPH)
Ryan Thompson to third
Batting: RHB Dennis Coppolino 0-0: Foul Ball, location: 2F
0-1: Foul Ball, location: 2F
0-2: Foul Ball, location: 2F
0-2: Foul Ball, location: 2F
0-2: Foul Ball, location: 2F
0-2: Ball
1-2: Strikes out swinging
Bottom of the 6th over - 1 run, 2 hits, 0 errors, 1 left on base; Peoria 6 - Greensboro 4
TOP OF THE 7TH
Peoria Chiefs batting - Pitching for Greensboro Grasshoppers : RHP Felix Moreno
Batting: RHB Josh Broome 0-0: Ball
1-0: Fly out, F9 (Line Drive, 9LM, EV 100.0 MPH)
Batting: RHB Edgar Landim 0-0: Called Strike
0-1: Ball
1-1: Ball
2-1: Ball
3-1: Base on Balls
Batting: RHB Alex Melgoza 0-0: Ball
1-0: Foul Ball, location: 2F
1-1: Ball
2-1: Foul Ball, location: 2F
2-2: 2-RUN HOME RUN (Flyball, 7D, EV 95.6 MPH), Distance : 377 ft
Batting: RHB Herbert Loveless 0-0: Called Strike
0-1: DOUBLE (Flyball, 78XD, EV 101.2 MPH)
Batting: RHB Richard Riggs 0-0: Called Strike
0-1: Ball
Wild Pitch!
Herbert Loveless to third
1-1: Ball
2-1: Swinging Strike
2-2: Foul Ball, location: 2F
2-2: Ball
3-2: Base on Balls
Batting: LHB Tsutomu Miyahara 0-0: Ball
1-0: Ball
Richard Riggs steals 2nd base
2-0: Ball
3-0: Called Strike
3-1: Ground out 4-3 (Groundball, 34, EV 97.5 MPH)
Herbert Loveless scores
Richard Riggs to third
Batting: RHB Tommy Tracy 0-0: SINGLE (Groundball, 4, EV 96.2 MPH)
Richard Riggs scores
Batting: RHB Robby Hickman 0-0: Foul Ball, location: 2F
0-1: Foul Ball, location: 2F
0-2: Ball
1-2: Ball
2-2: Ball
3-2: Strikes out swinging
Top of the 7th over - 4 runs, 3 hits, 0 errors, 1 left on base; Peoria 10 - Greensboro 4
BOTTOM OF THE 7TH
Greensboro Grasshoppers batting - Pitching for Peoria Chiefs : RHP Jose Rico
Batting: RHB Nick Dunton 0-0: Ball
1-0: Foul Ball, location: 2F
1-1: Called Strike
1-2: Strikes out swinging
Batting: RHB Harrie de Kam 0-0: Ground out U3 (Groundball, 3, EV 85.6 MPH)
Batting: RHB Rafael Irizarry 0-0: Ball
1-0: SINGLE (Groundball, 4MD, EV 105.0 MPH) (infield hit)
Batting: RHB Nate Crofts 0-0: Called Strike
Rafael Irizarry steals 2nd base
0-1: Foul Ball, location: 2F
0-2: SINGLE (Line Drive, 9S, EV 100.0 MPH)
Rafael Irizarry to third
Runner from 3rd tries for Home, throw by RF and OUT! 9-2
Bottom of the 7th over - 0 runs, 2 hits, 0 errors, 1 left on base; Peoria 10 - Greensboro 4
TOP OF THE 8TH
Peoria Chiefs batting - Pitching for Greensboro Grasshoppers : RHP Felix Moreno
Batting: SHB Jorge Brito 0-0: Foul Ball, location: 2F
0-1: Ball
1-1: Ball
2-1: Ball
3-1: Foul Ball, location: 2F
3-2: Base on Balls
Pitching: RHP Justin Blakely
Batting: RHB Josh Broome 0-0: Called Strike
0-1: Fly out, F9 (Flyball, 9S, EV 87.5 MPH)
Batting: RHB Edgar Landim 0-0: Ball
1-0: Ball
2-0: 2-RUN HOME RUN (Flyball, 78XD, EV 108.8 MPH), Distance : 417 ft
Batting: RHB Alex Melgoza 0-0: Foul Ball, location: 2F
0-1: SINGLE (Line Drive, 3D, EV 98.8 MPH)
Batting: RHB Herbert Loveless 0-0: Swinging Strike
0-1: Ball
1-1: Ball
Balk!
Alex Melgoza to second
2-1: Ball
Wild Pitch!
Alex Melgoza to third
3-1: SINGLE (Groundball, 4MD, EV 96.2 MPH)
Alex Melgoza scores
Batting: RHB Richard Riggs 0-0: Ball
1-0: Called Strike
1-1: Swinging Strike
1-2: SINGLE (Line Drive, 89S, EV 90.6 MPH)
Herbert Loveless to second
Pinch Hitting: LHB Keith Rice 0-0: Called Strike
0-1: Ball
1-1: Foul Ball, location: 2F
1-2: Ball
2-2: Foul Ball, location: 2F
2-2: Grounds into double play, 4-6-3 (Groundball, 4, EV 82.5 MPH)
Top of the 8th over - 3 runs, 4 hits, 0 errors, 1 left on base; Peoria 13 - Greensboro 4
BOTTOM OF THE 8TH
Greensboro Grasshoppers batting - Pitching for Peoria Chiefs : RHP Jose Rico
Pitching: LHP Vince Zujovic
Now in LF: Keith Rice
Batting: LHB Ryan Karg 0-0: Ball
1-0: Ball
2-0: Called Strike
2-1: Swinging Strike
2-2: Fly out, F3 (Line Drive, 3, EV 72.5 MPH)
Batting: RHB Chris Alft 0-0: SINGLE (Line Drive, 9S, EV 109.4 MPH)
Batting: LHB Ryan Thompson 0-0: Foul Ball, location: 2F
0-1: Foul Ball, location: 2F
0-2: Ball
1-2: Strikes out looking
Batting: LHB Jose Cabello 0-0: Swinging Strike
0-1: Ball
1-1: Ball
2-1: Swinging Strike
2-2: Strikes out swinging
Bottom of the 8th over - 0 runs, 1 hit, 0 errors, 1 left on base; Peoria 13 - Greensboro 4
TOP OF THE 9TH
Peoria Chiefs batting - Pitching for Greensboro Grasshoppers : RHP Justin Blakely
Batting: RHB Tommy Tracy 0-0: Ball
1-0: Swinging Strike
1-1: Called Strike
1-2: Ball
2-2: Ball
3-2: Fly out, F8 (Line Drive, 8RM, EV 106.2 MPH)
Pinch Hitting: RHB Jonathan Davis 0-0: Ball
1-0: Fly out, F7 (Flyball, 7, EV 77.5 MPH)
Batting: SHB Jorge Brito 0-0: Called Strike
0-1: Ball
1-1: Hit by Pitch
Batting: RHB Josh Broome 0-0: Ball
Wild Pitch!
Jorge Brito to second
1-0: DOUBLE (Flyball, 78D, EV 99.4 MPH)
Jorge Brito scores
Batting: RHB Edgar Landim 0-0: Called Strike
0-1: Foul Ball, location: 2F
0-2: Foul Ball, location: 2F
0-2: Fly out, F7 (Line Drive, 78M, EV 97.5 MPH)
Top of the 9th over - 1 run, 1 hit, 0 errors, 1 left on base; Peoria 14 - Greensboro 4
BOTTOM OF THE 9TH
Greensboro Grasshoppers batting - Pitching for Peoria Chiefs : LHP Vince Zujovic
Now at 2B: Jonathan Davis
Now at SS: Richard Riggs
Batting: RHB Dennis Coppolino 0-0: Foul Ball, location: 2F
0-1: Called Strike
0-2: Ball
1-2: Strikes out looking
Batting: RHB Nick Dunton 0-0: Ball
1-0: Called Strike
1-1: Ball
2-1: Ball
3-1: Foul Ball, location: 2F
3-2: Base on Balls
Batting: RHB Harrie de Kam 0-0: Fly out, F4 (Popup, 34S, EV 70.6 MPH)
Batting: RHB Rafael Irizarry 0-0: Called Strike
0-1: Foul Ball, location: 2F
0-2: Foul Ball, location: 2F
0-2: Strikes out swinging
Bottom of the 9th over - 0 runs, 0 hits, 0 errors, 1 left on base; Peoria 14 - Greensboro 4
Tuesday, March 28th , 2023 - OOTP Baseball 23.10 Build 110